Map: Taito Citadel LE

Players

micola - Winner!

  • Race: Terran Terran
  • League: Silver
  • Spawn Location: 11:00

MadFranco

  • Race: Protoss Protoss
  • League: Gold
  • Spawn Location: 5:00

VOD

Have the link to the VOD?

Description

gg with protoss(half-photon, грелки и батоны)

Time

  • Played on: June 14, 2026, 12:24 p.m.
  • Length: 16:21
Show
View Real Time Build Order
Export as new Build Order

micola Terran - Winner!

Build Orders:  

Get SALT Encoding   

  12  0:00  SCV  
  13  0:12  SCV  
  14  0:17  Supply Depot  
  14  0:24  SCV  
  15  0:39  SCV  
  15  0:40  Barracks  
  16  0:46  Refinery  
  16  0:51  SCV  
  17  1:04  SCV  
  18  1:38  Orbital Command  
  18  1:50  Barracks Reactor  
  15  2:17  SCV  
  16  2:26  Marine x2  
  18  2:36  Barracks  
  18  2:38  Barracks  
  18  2:44  Marine, SCV  
  18  2:48  Supply Depot  
  21  2:58  SCV  
  21  3:03  Marine  
  21  3:04  Marine  
  23  3:09  Factory  
  23  3:13  SCV  
  24  3:25  SCV  
  25  3:28  Marine x2  
  25  3:29  Barracks Tech Lab  
  25  3:30  Barracks Tech Lab  
  27  3:40  SCV  
  28  3:45  Command Center  
  28  3:48  Marine x2  
  30  3:52  Stimpack  
  30  3:57  Factory Reactor  
  30  4:08  Marine  
  31  4:18  Supply Depot  
  31  4:38  Starport  
  31  4:39  Marine x4, SCV  
  31  4:42  Supply Depot  
  36  4:56  SCV  
  37  5:02  Marine x2  
  37  5:03  Marine x2  
  44  5:07  Orbital Command  
  41  5:09  SCV  
  42  5:14  Supply Depot  
  42  5:17  Supply Depot  
  42  5:26  Factory Tech Lab  
  42  5:35  SCV x2  
  44  5:36  Factory Tech Lab  
  44  5:37  Supply Depot  
  44  5:38  Marine x2  
  44  5:39  Marine  
  47  5:43  Medivac  
  47  5:46  Medivac  
  47  5:48  Marine  
  52  5:51  SCV  
  52  5:53  SCV  
  54  6:01  Supply Depot  
  54  6:03  SCV  
  55  6:11  Marine x4  
  59  6:20  SCV x2  
  61  6:30  Marine x3  
  61  6:31  Marine  
  61  6:32  Siege Tank  
  68  6:34  SCV x2  
  70  6:48  Marine x4  
  70  6:49  SCV x2  
  76  6:59  Refinery x2  
  76  7:06  Supply Depot  
  76  7:09  Supply Depot  
  76  7:10  Marine x4  
  76  7:12  SCV  
  76  7:13  SCV  
  82  7:20  Siege Tank  
  85  7:26  Supply Depot  
  85  7:27  SCV x2  
  87  7:33  Marine x3  
  87  7:34  Marine  
  87  7:36  Medivac  
  93  7:44  SCV  
  93  7:45  SCV  
  93  7:49  Supply Depot  
  93  7:50  Supply Depot  
  93  7:51  Marine  
  95  7:55  Marine  
  95  7:56  Marine, Supply Depot  
  95  7:57  Siege Tank  
  103  7:58  Marauder  
  103  8:05  Combat Shield  
  84  8:36  Marine x4  
  84  8:38  Siege Tank, Medivac  
  90  8:46  SCV x2  
  92  8:54  Marine x4  
  96  9:11  Marine  
  96  9:31  Marine x2  
  96  9:32  Marine x2  
  96  9:33  Siege Tank  
  96  9:34  Medivac x2  
  101  9:49  Marine  
  100  10:02  Marine x2  
  100  10:03  Marine  
  100  10:05  Medivac x2  
  89  10:35  Marine x4  
  81  10:37  Cyclone  
  81  10:39  Viking x2  
  81  10:42  SCV x2  
  87  10:52  Marine  
  82  11:03  Marine  
  82  11:04  Marine x2  
  83  11:09  Viking x2, Cyclone  
  92  11:15  Marine  
  93  11:21  Marine  
  93  11:22  Marine  
  83  11:35  Marine x2  
  83  11:39  Marine, Viking x2  
  87  11:42  Cyclone  
  87  11:43  Marine  
  82  12:02  Marine  
  86  12:09  Viking x2  
  86  12:14  Cyclone  
  90  12:16  Engineering Bay  
  90  12:20  Marine  
  78  12:38  Marine  
  78  12:46  Cyclone  
  75  12:56  Marine  
  76  13:07  Barracks  
  76  13:08  Viking x2  
  76  13:10  Barracks  
  80  13:14  Marine  
  76  13:32  Marine  
  62  13:49  Marine  
  62  13:52  Command Center  
  60  14:03  Barracks Reactor  
  60  14:04  Barracks Reactor  
  60  14:10  Cyclone  
  63  14:19  Engineering Bay  
  55  14:31  Marine  
  45  14:40  Viking x2  
  45  14:44  Marine x4  
  45  14:49  Marine  
  43  14:54  Cyclone  
  45  15:01  Marine  
  45  15:02  Marine  
  43  15:07  Marine  
  43  15:10  Viking x2  
  46  15:19  Marine  
  46  15:21  Marine  
  36  15:25  Marine  
  36  15:28  Cyclone  
  40  15:35  SCV x2  
  42  15:37  Marine  
  42  15:39  Marine  
  44  15:52  Barracks  
  44  15:53  Command Center  
Show
View Real Time Build Order
Export as new Build Order

MadFranco Protoss 

Build Orders:  

Get SALT Encoding   

  12  0:02  Probe  
  13  0:14  Probe  
  13  0:21  Pylon  
  14  0:23  Probe  
  15  0:35  Probe  
  16  0:46  Probe  
  16  0:47  Forge  
  17  0:58  Probe  
  18  1:10  Pylon, Probe  
  19  1:17  Gateway  
  19  1:26  Pylon  
  19  1:30  Photon Cannon  
  19  1:51  Pylon  
  19  1:54  Assimilator  
  18  2:23  Probe  
  19  2:30  Nexus  
  19  2:31  Probe  
  19  2:32  Assimilator  
  19  2:36  Assimilator  
  20  2:40  Pylon  
  20  2:41  Probe  
  21  2:45  Pylon  
  21  2:53  Probe  
  22  3:04  Cybernetics Core  
  22  3:05  Probe  
  23  3:12  Zealot  
  25  3:20  Photon Cannon  
  25  3:27  Photon Cannon  
  25  3:36  Photon Cannon  
  25  3:39  Zealot  
  27  3:44  Protoss Shields Level 1  
  27  3:50  Probe  
  28  3:58  Pylon  
  28  4:07  Sentry  
  30  4:17  Photon Cannon  
  30  4:34  Nexus  
  30  4:36  Stalker  
  28  4:53  Probe  
  29  5:01  Probe  
  30  5:11  Probe  
  31  5:17  Robotics Facility  
  31  5:23  Probe  
  32  5:35  Probe  
  33  5:38  Pylon  
  33  5:41  Pylon  
  33  5:45  Assimilator  
  33  5:47  Probe  
  34  5:51  Assimilator  
  34  5:58  Probe  
  34  5:59  Probe  
  34  6:03  Probe  
  37  6:08  Sentry  
  37  6:10  Probe  
  40  6:11  Probe  
  40  6:12  Warp Gate  
  40  6:16  Probe  
  40  6:17  Pylon  
  40  6:18  Observer  
  43  6:22  Protoss Ground Armor Level 1, Probe  
  44  6:28  Probe  
  44  6:32  Pylon  
  45  6:34  Probe  
  45  6:37  Probe  
  47  6:40  Probe  
  47  6:41  Assimilator  
  47  6:43  Assimilator  
  47  6:46  Probe  
  49  6:48  Photon Cannon  
  49  6:49  Shield Battery, Probe  
  49  6:52  Probe  
  49  6:53  Photon Cannon  
  51  6:55  Pylon  
  51  6:57  Photon Cannon  
  51  6:58  Probe  
  51  6:59  Probe  
  53  7:03  Shield Battery  
  53  7:06  Probe  
  53  7:11  Probe  
  53  7:13  Probe  
  53  7:15  Probe  
  56  7:21  Stargate  
  57  7:25  Probe  
  57  7:27  Immortal, Probe  
  57  7:28  Colossus x2  
  57  7:29  Colossus, Sentry  
  65  7:37  Probe  
  65  7:39  Probe  
  65  7:40  Stargate  
  67  7:44  Stargate  
  67  7:46  Pylon  
  67  7:49  Probe  
  68  7:53  Protoss Air Weapons Level 1  
  68  7:57  Photon Cannon  
  68  8:01  Photon Cannon  
  68  8:06  Pylon  
  72  8:13  Void Ray  
  64  8:34  Stalker  
  64  8:39  Photon Cannon  
  66  8:42  Photon Cannon  
  66  8:46  Photon Cannon  
  62  8:52  Void Ray  
  62  8:53  Void Ray  
  62  8:54  Void Ray  
  72  8:59  Stalker  
  64  9:12  Photon Cannon  
  64  9:17  Fleet Beacon  
  62  9:24  Void Ray x2  
  60  9:27  Void Ray  
  70  9:46  Gateway  
  60  9:59  Pylon  
  56  10:04  Pylon  
  56  10:06  Pylon  
  56  10:18  Nexus  
  57  11:41  Nexus  
  46  11:59  Carrier  
  46  12:04  Carrier  
  44  12:17  Carrier  
  40  12:37  Pylon  
  40  12:45  Pylon  
  28  12:51  Probe  
  25  12:59  Probe  
  26  13:09  Probe  
  20  14:46  Carrier  
  20  14:51  Probe  
  21  15:30  Zealot  
  23  15:40  Probe  
  18  15:52  Probe  
  19  16:05  Probe  
Tags
 
Add a new tag
Caveats
  • Supply blocks, unpowered buildings, or Contaminate may cause inaccurate times.
  • Supply counts are checked every 10 seconds.